 Dungeon Crawl Stone Soup version 0.32-a0-132-g2d33c3cfaf (webtiles) character file.

Game seed: 3298384284875775183

1032 Dittersdorf the Covered (level 8, -2/51 HPs)
             Began as a Gargoyle Fighter on Feb 9, 2024.
             Was an Initiate of Gozag.
             Slain by a hornet (12 damage)
             ... in the Ecumenical Temple.
             The game lasted 00:05:26 (4086 turns).

Dittersdorf the Covered (Gargoyle Fighter)          Turns: 4086, Time: 00:05:27

Health: -2/51      AC: 20    Str: 23    XL:     8   Next: 23%
Magic:  8/8        EV:  8    Int:  8    God:    Gozag
Gold:   138        SH:  5    Dex:  9    Spells: 7/7 levels left

rFire   . . .        e - +0 morningstar
rCold   . . .        c - +0 buckler
rNeg    + . .        q - +0 chain mail
rPois   ∞            k - +2 helmet {SInv}
rElec   +            (no cloak)
rCorr   .            (no gloves)
SInv    +            i - +0 pair of boots
Will    +....        b - amulet of the acrobat Stlth
                     s - ring of willpower
HPRegen 0.28/turn    (no ring)
MPRegen 0.11/turn

%: acrobat
@: no status effects
A: sickness immunity, AC +5, negative energy resistance 1, electricity
resistance, torment resistance 1, petrification resistance
a: Renounce Religion, Potion Petition, Call Merchant, Bribe Branch


You were in the Ecumenical Temple.
You worshipped Gozag.
Gozag was aware of your devotion.
You visited 2 branches of the dungeon, and saw 6 of its levels.

You collected 217 gold pieces.
You paid 79 gold pieces to Gozag.

Inventory:

Hand Weapons
 e - a +0 morningstar (weapon)
Armour
 c - a +0 buckler (worn)
 i - a +0 pair of boots (worn)
 k - a +2 helmet of see invisible (worn)
 q - a +0 chain mail (worn)
Jewellery
 b - an amulet of the acrobat (around neck)
 s - a ring of willpower (left hand)
Wands
 p - a wand of iceblast (2) (quivered)
Scrolls
 f - a scroll of teleportation
 g - a scroll of revelation
 m - a scroll of immolation {unknown}
 t - 2 scrolls of enchant armour {unknown}
 u - a scroll of fog {unknown}
Potions
 a - 2 potions of curing {unknown}
 d - a potion of might
 h - a potion of heal wounds {unknown}
 j - a potion of mutation
 l - a potion of degeneration {unknown}
 n - a potion of lignification {unknown}
 o - 2 potions of haste {unknown}
 r - a potion of brilliance


   Skills:
 + Level 6.0 Fighting
 + Level 5.0 Maces & Flails
 + Level 6.1 Armour
 + Level 6.0 Shields


You had 7 spell levels left.
You didn't know any spells.
Your spell library contained the following spells:

 Spells                   Type           Power      Damage    Failure   Level
 Mercury Vapours          Alch/Air       0%         N/A       99%         2
 Mephitic Cloud           Conj/Alch/Air  0%         N/A       100%        3
 Animate Armour           Summ/Erth      0%         N/A       100%        4
 Brom's Barrelling Bould  Conj/Erth      0%         2d3       100%        4
 Summon Lightning Spire   Summ/Air       0%         N/A       100%        4
 Fireball                 Conj/Fire      0%         3d3       100%        5
 Freezing Cloud           Conj/Ice/Air   0%         6-21      100%        5
 Iskenderun's Battlesphe  Conj           0%         2d6       100%        5
 Lee's Rapid Deconstruct  Erth           0%         3d4*      100%        5
 Conjure Ball Lightning   Conj/Air       0%         3x3d6     100%        6
 Orb of Destruction       Conj           0%         9d5       100%        7


Dungeon Overview and Level Annotations

Branches:
Dungeon (5/15)             Temple (1/1) D:5

Altars:
Ashenzari
Cheibriados
Dithmenos
Elyvilon
Gozag
Hepliaklqana
Kikubaaqudgha
Makhleb
Nemelex Xobeh
Okawaru
Qazlal
Ru
Sif Muna
Trog
Uskayaw
Vehumet
Wu Jian
Xom
Yredelemnul
The Shining One

Annotations:
D:5 1 runed translucent door, Gangsterbeez's ghost, novice MiFi


Innate Abilities, Weirdness & Mutations

You are immune to sickness and miasma.
Your stone body is resilient. (AC +5)
You are immune to poison.
You resist negative energy. (rN+)
You are resistant to electric shocks. (rElec)
You are resistant to unholy torment.
You are immune to petrification.


Message History

Found a shadowy altar of Dithmenos.
Found an opulent altar of Gozag.
Found a sparkling altar of Nemelex Xobeh.
There is an opulent altar of Gozag here.
You kneel at the altar of Gozag.
Gozag welcomes you!
You pay a service fee of 79 gold.
There is an ornate altar of the Wu Jian Council here.
There is a staircase back to the Dungeon here.
You climb upwards.
Welcome back to the Dungeon!
Level annotation: 1 runed translucent door, Gangsterbeez's ghost, novice MiFi The hornet stings you! x2
There is a staircase to the Ecumenical Temple here.
The hornet misses you. The hornet closely misses you. The hornet stings you.
You climb downwards.
Welcome back to the Ecumenical Temple!
There is a staircase back to the Dungeon here.
You miss the hornet. The hornet barely misses you. x2
You barely miss the hornet.
The hornet stings you but does no damage.
The hornet stings you!
You hit the hornet but do no damage.
The hornet stings you but does no damage.
The hornet stings you.
You puncture the hornet!
The hornet is moderately wounded.
The hornet barely misses you. x2
You hit the hornet.
The hornet is moderately wounded.
The hornet stings you but does no damage.
The hornet stings you.
You barely miss the hornet.
The hornet is moderately wounded.
The hornet stings you!
* * * LOW HITPOINT WARNING * * *
You miss the hornet.
The hornet is moderately wounded.
The hornet stings you!
You die...
Your body crumbles into a pile of gold.

#......## #.
#.....## #. #.._..#
#. #.....## #.
#......## #.
###########...######
#.....# ##......#
#.....# ##.....#
#..@..# #.._..#
#.y...## #.....##
#......## #......#
#####...#########...
##......# ##..
##.....# ##. #.._..#
#. #.....## #.
#......## #.


You could see a hornet.

Vanquished Creatures
  Duvessa (D:5)
  A black bear (D:4)
  A centaur (D:4)
  A phantom (D:4)
  3 necrophages (D:4)
  A wight (D:4)
  Dowan (D:5)
  A bullfrog zombie (D:4)
  A human zombie (D:4)
  2 orc priests
  A sleepcap (D:4)
  2 iguanas
  A scorpion zombie (D:4)
  3 hound zombies (D:4)
  A mummy (D:4)
  4 adders
  An adder zombie (D:4)
  4 ribbon worms (D:2)
  2 dart slugs
  12 orcs (D:4)
  7 endoplasms
  A giant cockroach (D:4)
  9 goblins
  7 hobgoblins
  4 quokkas
  4 ball pythons
  A bat (D:1)
  6 frilled lizards
  7 kobolds
  4 rats
94 creatures vanquished.

Notes
Turn   | Place    | Note
-------+----------+-------------------------------------------
     0 | D:1      | Dittersdorf the Gargoyle Fighter began the quest for the
                  | Orb.
     0 | D:1      | Reached XP level 1. HP: 14/14 MP: 1/1
   179 | D:1      | Reached XP level 2. HP: 19/19 MP: 2/2
   254 | D:1      | Found a faded altar of an unknown god.
   613 | D:1      | Reached XP level 3. HP: 23/23 MP: 3/3
   882 | D:2      | Identified the +0 robe of Cocytus {rElec rC- Int+2 Dex+4}
  1044 | D:2      | Reached XP level 4. HP: 27/29 MP: 4/4
  2196 | D:3      | Found a snail-covered altar of Cheibriados.
  2366 | D:3      | Found a white marble altar of Elyvilon.
  2541 | D:4      | Reached XP level 5. HP: 28/33 MP: 5/5
  3108 | D:4      | Reached XP level 6. HP: 33/39 MP: 6/6
  3254 | D:4      | Found a basalt altar of Yredelemnul.
  3275 | D:4      | Reached skill level 5 in Fighting
  3275 | D:4      | Reached skill level 5 in Armour
  3275 | D:4      | Reached skill level 5 in Shields
  3275 | D:4      | Reached XP level 7. HP: 44/44 MP: 7/7
  3561 | D:5      | Entered Level 5 of the Dungeon
  3563 | D:5      | Noticed Dowan
  3566 | D:5      | Noticed Duvessa
  3713 | D:5      | Killed Duvessa
  3726 | D:4      | Reached XP level 8. HP: 23/51 MP: 8/8
  3891 | D:5      | Killed Dowan
  3892 | D:5      | Reached skill level 5 in Maces & Flails
  3945 | D:5      | Found a runed translucent door.
  3949 | D:5      | Noticed Gangsterbeez's ghost (novice MiFi)
  3977 | D:5      | Found a staircase to the Ecumenical Temple.
  3985 | D:5      | Noticed a hornet
  3989 | Temple   | Entered the Ecumenical Temple
  4031 | Temple   | Became a worshipper of Gozag Ym Sagoz the Greedy
  4086 | Temple   | Slain by a hornet

Illustrated notes

Levels and vault maps discovered:
D:1:      amcnicky_arrival_gap_in_the_tavern_cellar, layout_loops_ring,
          dreamdust_ecumenical_altar_statues
D:2:      layout_basic, solitary_fountain, minmay_splitting_lines
D:3:      layout_basic, mainiacjoe_overflow_swirl
D:4:      layout_loops_ring, lemuel_mausoleum_altar_yredelemnul
D:5:      layout_cave_pools, minmay_temple_entry_large_hall, serial_shops,
          nicolae_shop_rolled_up, ebering_ghost_sewer_f, uniq_prince_ribbit1,
          uniq_duvessa
Temple:   minmay_crystal_spiral_temple

Skill      XL: |  1  2  3  4  5  6  7  8 |
---------------+-------------------------+-----
Fighting       | 4 5 6 |  6.0
Armour         | 4 5 6 |  6.1
Shields        | 4 5 6 |  6.0
Maces & Flails | 3 4 5 |  5.0

Action                     |  1- 3 |  4- 6 |  7- 9 || total
---------------------------+-------+-------+-------++-------
  Melee: Flail             |   120 |    43 |       ||   163
         Morningstar       |       |   119 |    98 ||   217
  Evoke: Wand              |       |       |     3 ||     3
    Use: Scroll            |       |     7 |       ||     7
 Armour: Scale mail        |    75 |     3 |       ||    78
         Ring mail         |       |    45 |       ||    45
         Chain mail        |       |    46 |   105 ||   151
  Dodge: Dodged            |    52 |    67 |    64 ||   183
  Block: Buckler           |    26 |    36 |    32 ||    94

Table legend: (Time is in decaauts)
 A = Elapsed time spent in this place.
 B = Non-inter-level travel time spent in this place.
 C = Inter-level travel time spent in this place.
 D = Time resting spent in this place.
 E = Time spent auto-exploring this place.
 F = Levels seen in this place.
 G = Mean time per level.
                   A        B        C        D        E       F      G
               +--------+--------+--------+--------+--------+-----+--------+
         Total |   4216 |   3952 |    264 |    463 |   2517 |   6 |  702.7 |
       Dungeon |   4120 |   3940 |    180 |    463 |   2517 |   5 |  824.0 |
        Temple |     95 |     11 |     84 |      0 |      0 |   1 |   95.0 |
               +--------+--------+--------+--------+--------+-----+--------+

Top non-repeatable levels by time:
     D:4: 1412 daAuts
     D:2: 929 daAuts
     D:3: 822 daAuts
     D:1: 787 daAuts
     D:5: 169 daAuts
  Temple: 95 daAuts
